 Dungeon Crawl Stone Soup version 0.30.0-29-ga12c61a403 (webtiles) character file.

Game seed: 12716856251200846453

7858 Graphine the Covert (level 11, -4/54 HPs)
             Began as a Spriggan Venom Mage on June 23, 2023.
             Was a Priest of Vehumet.
             Slain by a troll (14 damage)
             ... on level 1 of the Orcish Mines.
             The game lasted 00:48:26 (12060 turns).

Graphine the Covert (Spriggan Venom Mage)          Turns: 12060, Time: 00:48:26

Health: -4/54      AC:  2    Str:  4    XL:     11   Next: 2%
Magic:  15/23      EV: 22    Int: 27    God:    Vehumet [***...]
Gold:   737        SH:  0    Dex: 16    Spells: 15/25 levels left

rFire   . . .        c - +4 short sword (spect)
rCold   . . .        (no shield)
rNeg    . . .        a - +0 robe
rPois   .            (helmet restricted)
rElec   .            n - scarf {harm}
rCorr   +            (gloves unavailable)
SInv    +            (boots unavailable)
Will    +....        p - amulet "Usojoixo" {Regen+ rCorr SInv}
Stlth   ++++         o - +6 ring of intelligence
HPRegen 1.09/turn    (no ring)
MPRegen 0.18/turn

%: harm (+30% outgoing, +20% incoming)
@: lethally poisoned (-4 -> -9), radiating poison, very quick
A: very small, no large weapons, unfitting armour, see invisible, speed 3
a: Renounce Religion


You were on level 1 of the Orcish Mines.
You worshipped Vehumet.
Vehumet was most pleased with you.
You visited 2 branches of the dungeon, and saw 10 of its levels.
You also visited: Ossuary.

You collected 737 gold pieces.

Inventory:

Hand Weapons
 c - a +4 spectral short sword (weapon)
Missiles
 d - 5 curare-tipped darts
 t - 2 throwing nets
Armour
 a - a +0 robe (worn)
 n - a scarf of harm (worn)
 r - a +2 pair of gloves
Jewellery
 o - a +6 ring of intelligence (left hand)
 p - the amulet "Usojoixo" (around neck) {Regen+ rCorr SInv}
   (You found it on level 7 of the Dungeon)

   [amulet of regeneration]

   SInv:      It lets you see invisible.
   Regen:     It increases your rate of health regeneration.
   rCorr:     It protects you from acid and corrosion.
Wands
 h - a wand of roots (7)
 k - a wand of mindburst (12)
 B - a wand of paralysis (6)
Scrolls
 i - a scroll of butterflies
 j - 5 scrolls of teleportation
 m - a scroll of fear
 w - 3 scrolls of amnesia
 y - a scroll of torment
 A - 4 scrolls of identify
 C - a scroll of magic mapping
Potions
 b - a potion of haste
 e - 3 potions of heal wounds
 f - a potion of attraction
 g - 5 potions of degeneration
 l - a potion of brilliance
 q - 2 potions of mutation
 s - 4 potions of flight
 u - 2 potions of curing
 v - a potion of lignification
 x - a potion of magic
 z - a potion of cancellation
 D - 10 potions of ambrosia


   Skills:
 + Level 4.7 Fighting
 + Level 8.3 Dodging
 + Level 9.8 Stealth
 + Level 7.7 Spellcasting
 + Level 7.2 Hexes
 + Level 8.4 Translocations
 - Level 1.5 Transmutations
 + Level 6.8 Poison Magic
 + Level 7.8 Evocations


You had 15 spell levels left.
You knew the following spells:

 Your Spells              Type           Power      Damage    Failure   Level
a - Sting                 Tmut/Pois      100%       1d8       1%          1
b - Poisonous Vapours     Pois/Air       56%        N/A       1%          2
c - Mephitic Cloud        Conj/Pois/Air  22%        N/A       1%          3
d - Olgreb's Toxic Radia  Pois           47%        N/A       1%          4

Your spell library contained the following spells:

 Spells                   Type           Power      Damage    Failure   Level
 Iskenderun's Mystic Bla  Conj/Tloc      33%        2d8       2%          4
 Vhi's Electric Charge    Tloc/Air       66%        N/A       3%          3
 Ozocubu's Armour         Ice            10%        N/A       16%         3
 Arcjolt                  Conj/Air       5%         1d15      36%         5
 Ozocubu's Refrigeration  Ice            5%         4d8       100%        7
 Maxwell's Capacitive Co  Air            5%         ∞         100%        8


Dungeon Overview and Level Annotations

Branches:
Dungeon (9/15)             Temple (0/1) D:7             Orc (1/2) D:9
Ossuary (visited)
   Lair: D:8-11

Altars:
Dithmenos
Makhleb
Nemelex Xobeh
Okawaru
Qazlal
Trog
Uskayaw
Vehumet
Wu Jian
Zin
The Shining One

Shops:
D:1 =[   D:6 ?(*

Annotations:
Orc:1 Erica


Innate Abilities, Weirdness & Mutations

You are very small and have problems with some larger weapons.
You are too small for most types of armour.
You have supernaturally acute eyesight. (SInv)
You cover ground extremely quickly. (Speed+++)


Message History

Things that are here:
a +0 dagger; a +0 robe
There is an open door here.
There is a staircase to the Orcish Mines here.
You climb downwards.
Welcome to the Orcish Mines!
Found 40 gold pieces.
Found a stone staircase leading down.
There is a staircase back to the Dungeon here.
Found 23 gold pieces.
Erica the Fiery-Tempered comes into view.
She is wielding a +2 scimitar of flaming.
Casting: Olgreb's Toxic Radiance (dangerous; 1% risk of failure)
Confirm with . or Enter, or press ? or * to list all spells.
You begin to radiate toxic energy.
Erica is poisoned.
The troll shouts!
The troll is poisoned.
Erica looks even sicker.
Casting: Olgreb's Toxic Radiance (dangerous; 1% risk of failure)
Confirm with . or Enter, or press ? or * to list all spells.
Aiming: Poisonous Vapours (safe; 1% risk of failure)
Press: ? - help, Dir - move target, f - troll
Aim: a troll (lightly wounded, poisoned) Poisonous vapours surround the troll!
The troll looks even sicker.
Erica looks even sicker.
Erica casts a spell.
Erica flickers and vanishes for a moment.
Your toxic aura wanes.
Casting: Poisonous Vapours (safe; 1% risk of failure)
Confirm with . or Enter, or press ? or * to list all spells.
You begin to radiate toxic energy.
Erica looks even sicker.
Erica looks as sick as possible!
The troll closely misses you. The troll barely misses you. The troll claws you!
Erica gestures at you while chanting. The bolt of poison hits you!!
You are poisoned.
Ouch! That really hurt!
* * * LOW HITPOINT WARNING * * *
You feel much better.
You feel very sick. The troll bites you!
* * * LOW HITPOINT WARNING * * *
The troll claws you!
You die...

##........#..
#......$.........
#......#.........
#.......@...>..#
##$##.........#
##............##
#...#..........#
#.............#
##.#...T@.<...#
####....###..#
#....# ....
#.....## ...#
#....##. ...
##.### .. .# #.
$.. . .. .... ..
.....


You could see Erica (invisible, extremely poisoned) and a troll (very poisoned).

Vanquished Creatures
  A moth of wrath (D:9)
  Maggie (D:8)
  A queen bee (D:9)
  A hornet (D:8)
  Sigmund (D:2)
  11 yaks (D:9)
  A steam dragon (D:9)
  An acid dragon (D:8)
  Duvessa (D:6)
  6 orc warriors
  2 black bears (D:5)
  2 ogres (D:5)
  3 centaurs
  4 ice beasts
  A kobold brigand (D:8)
  A phantom (D:5)
  2 scorpions
  4 bullfrogs
  3 wights (D:7)
  Dowan (D:6)
  A water moccasin skeleton (D:3)
  28 killer bees
  An electric eel (D:6)
  A howler monkey (D:6)
  3 jellies
  2 hounds (D:5)
  2 orc priests
  2 gnoll boudas
  Jessica (D:2)
  4 iguanas
  5 orc wizards
  A hound zombie (D:3)
  4 hound skeletons (D:3)
  8 mummies (Ossuary)
  Robin (D:2)
  12 gnolls
  14 adders
  A shadow imp (D:4)
  A white imp (D:5)
  An ufetubus (D:5)
  An adder zombie (D:3)
  4 adder skeletons (D:3)
  2 worms
  3 dart slugs
  24 orcs
  7 endoplasms
  4 giant cockroaches
  2 gnoll zombies (Ossuary)
  13 goblins
  11 hobgoblins
  13 kobolds
  4 quokkas
  6 ball pythons
  2 ball python zombies (D:3)
  2 bats (D:1)
  2 frilled lizards
  4 hobgoblin zombies (Ossuary)
  2 kobold zombies (Ossuary)
  2 quokka skeletons (D:3)
  17 rats
266 creatures vanquished.

Notes
Turn   | Place    | Note
-------+----------+-------------------------------------------
     0 | D:1      | Graphine the Spriggan Venom Mage began the quest for the
                  | Orb.
     0 | D:1      | Reached XP level 1. HP: 9/9 MP: 5/5
   135 | D:1      | Found Sack's Antique Armour Shoppe.
   199 | D:1      | Reached XP level 2. HP: 11/13 MP: 2/6
   305 | D:1      | Learned a level 2 spell: Poisonous Vapours
   362 | D:1      | Found Hougil's Jewellery Shoppe.
   397 | D:1      | Reached skill level 1 in Hexes
   405 | D:1      | Reached skill level 1 in Evocations
   578 | D:1      | Reached XP level 3. HP: 17/17 MP: 6/8
   660 | D:1      | Reached skill level 1 in Translocations
  1162 | D:2      | Noticed Jessica
  1172 | D:2      | Killed Jessica
  1289 | D:2      | Reached XP level 4. HP: 21/21 MP: 3/9
  1818 | D:2      | Noticed Robin
  1832 | D:2      | Killed Robin
  2032 | D:2      | Found a bloodstained altar of Trog.
  2034 | D:2      | Noticed Sigmund
  2061 | D:2      | Killed Sigmund
  2062 | D:2      | Reached skill level 1 in Fighting
  2062 | D:2      | Reached skill level 4 in Stealth
  2062 | D:2      | Reached XP level 5. HP: 8/25 MP: 1/11
  2782 | D:3      | Learned a level 3 spell: Mephitic Cloud
  2983 | D:3      | Reached XP level 6. HP: 29/30 MP: 6/12
  3097 | D:3      | Found a faded altar of an unknown god.
  3955 | D:3      | Found a glowing golden altar of the Shining One.
  4447 | D:4      | Reached XP level 7. HP: 34/34 MP: 7/14
  4559 | D:4      | Reached skill level 5 in Stealth
  4873 | D:4      | Learned a level 4 spell: Olgreb's Toxic Radiance
  5546 | D:5      | Entered Level 5 of the Dungeon
  6033 | D:5      | Reached skill level 5 in Dodging
  6103 | D:5      | Reached XP level 8. HP: 39/39 MP: 12/16
  6437 | D:5      | Reached skill level 6 in Stealth
  6539 | D:5      | Reached skill level 5 in Spellcasting
  7035 | D:5      | Found an iron altar of Okawaru.
  7042 | D:5      | Found a radiant altar of Vehumet.
  7048 | D:5      | Found a glowing silver altar of Zin.
  7055 | D:5      | Found an ornate altar of the Wu Jian Council.
  7061 | D:5      | Found a burning altar of Makhleb.
  7068 | D:5      | Found a sparkling altar of Nemelex Xobeh.
  7074 | D:5      | Found a stormy altar of Qazlal.
  7087 | D:5      | Became a worshipper of Vehumet
  7418 | D:6      | Reached skill level 5 in Translocations
  7494 | D:6      | Found Unuo's General Store.
  7616 | D:6      | Reached skill level 5 in Evocations
  7903 | D:6      | Noticed Dowan
  8017 | D:6      | Noticed Duvessa
  8049 | D:6      | Killed Duvessa
  8050 | D:6      | Reached skill level 5 in Poison Magic
  8078 | D:6      | Killed Dowan
  8079 | D:6      | Reached skill level 7 in Stealth
  8254 | D:6      | Found Vujemem's Magic Scroll Shop.
  8285 | D:6      | Found Foekkifuh's Weapon Shop.
  8537 | D:7      | Reached XP level 9. HP: 41/44 MP: 12/18
  8698 | D:7      | Found a sand-covered staircase.
  8768 | D:7      | Identified the amulet "Usojoixo" {Regen+ rCorr SInv}
  8777 | Ossuary  | Entered an ossuary
  8830 | Ossuary  | Reached * piety under Vehumet
  8830 | Ossuary  | Offered knowledge of Magic Dart by Vehumet.
  9174 | D:7      | Found a staircase to the Ecumenical Temple.
  9340 | D:7      | Reached skill level 5 in Hexes
 10049 | D:8      | Noticed Maggie
 10053 | D:8      | Killed Maggie
 10054 | D:8      | Reached skill level 8 in Stealth
 10230 | D:8      | Found a shadowy altar of Dithmenos.
 10664 | D:9      | Found a hide-covered altar of Uskayaw.
 10694 | D:9      | Reached XP level 10. HP: 49/49 MP: 13/21
 10718 | D:9      | Reached ** piety under Vehumet
 10718 | D:9      | Offered knowledge of Shock by Vehumet.
 11248 | D:9      | Reached skill level 9 in Stealth
 11250 | D:9      | Offered knowledge of Momentum Strike by Vehumet.
 11402 | D:9      | Reached *** piety under Vehumet
 11668 | D:9      | Found a staircase to the Orcish Mines.
 11766 | D:9      | Noticed a moth of wrath
 11769 | D:9      | Found a bloodstained altar of Trog.
 11774 | D:9      | Offered knowledge of Iskenderun's Mystic Blast by Vehumet.
 11809 | D:9      | Killed a moth of wrath
 11810 | D:9      | Reached XP level 11. HP: 54/54 MP: 23/23
 12041 | Orc:1    | Entered Level 1 of the Orcish Mines
 12048 | Orc:1    | Noticed Erica
 12060 | Orc:1    | Slain by a troll

Illustrated notes

Levels and vault maps discovered:
D:1:      psy_arrival_conway, layout_basic, serial_shops,
          nicolae_shop_gaudy_bauble, nicolae_shop_advertising_works
          [nicolae_subvault_shop_adworks]
D:2:      layout_loops_ring, basic_altar, corexii_hall_statues_deadend,
          kennysheep_path_1, uniq_sigmund, uniq_jessica, uniq_robin
D:3:      minmay_chambers_of_threes, layout_loops_ring,
          mainiacjoe_overflow_catwalk, hellmonk_ecumenical_altar_slurped_away,
          serial_undead, serial_undead_e, serial_undead_c, serial_undead_b,
          serial_undead_e, serial_undead_e, serial_undead_f, serial_undead_c,
          serial_undead_a, serial_undead_a, serial_undead_d, minmay_quantized
D:4:      layout_loops_cross
D:5:      layout_rooms, grunt_temple_overflow_octagram, minmay_pentangle
D:6:      layout_cave_pools, serial_shops, shop, nicolae_shop_crystal,
          nicolae_shop_trees, serial_bayou_lagoon_a, uniq_duvessa
D:7:      layout_basic, minmay_temple_entry_mini_moons, enter_ossuary_1
D:8:      layout_cave_pools, nicolae_dithmenos_shadow_blocks, uniq_maggie
D:9:      layout_small_grid, nicolae_uskayaw_murder_on_the_dancefloor, tgw_trog,
          david_orc_4, special_room [special_room_bee]
Orc:1:    layout_caves, uniq_erica

Skill      XL: |  1  2  3  4  5  6  7  8  9 10 |
---------------+-------------------------------+-----
Dodging        | 3 4 5 6 7 8 |  8.3
Hexes          | 1 2 3 4 6 7 |  7.2
Evocations     | 1 2 3 4 5 6 7 |  7.8
Translocations | 1 2 3 4 5 7 8 |  8.4
Spellcasting   | 3 4 5 6 7 |  7.7
Fighting       | 1 2 3 4 |  4.7
Stealth        | 4 5 7 8 9 |  9.8
Poison Magic   | 4 5 6 |  6.8
Transmutations | |  1.5

Action                     |  1- 3 |  4- 6 |  7- 9 | 10-12 || total
---------------------------+-------+-------+-------+-------++-------
  Melee: Short sword       |       |   113 |    86 |     9 ||   208
         Punch             |       |       |     1 |       ||     1
   Cast: Sting             |    42 |    85 |   116 |    18 ||   261
         Poisonous Vapours |     6 |    48 |   141 |    17 ||   212
         Olgreb's Toxic Ra |       |       |     8 |    17 ||    25
         Mephitic Cloud    |       |       |       |     3 ||     3
  Evoke: Wand              |       |       |    12 |     4 ||    16
    Use: Scroll            |     1 |     8 |    16 |       ||    25
         Potion            |       |       |     4 |     1 ||     5
   Stab: Invisible         |       |       |     6 |       ||     6
         Distracted        |       |       |     3 |       ||     3
 Armour: Robe              |       |     8 |     7 |     1 ||    16
  Dodge: Dodged            |     4 |   137 |    84 |    37 ||   262
